Map: Newkirk Precinct TE (Void)

Players

Fropez

  • Race: Protoss Protoss
  • League: Gold
  • Spawn Location: 5:00

Bral - Winner!

  • Race: Terran Terran
  • Spawn Location: 7:00

VOD

Have the link to the VOD?

Description

Time

  • Played on: Dec. 25, 2016, 12:12 p.m.
  • Length: 11:59
Show
View Real Time Build Order
Export as new Build Order

Fropez Protoss 

Build Orders: 1 Gate Expand, Double Forge 

Get SALT Encoding   

  12  0:01  Probe (Chrono Boost)  
  13  0:11  Probe (Chrono Boost)  
  14  0:18  Pylon  
  14  0:28  Probe (Chrono Boost)  
  15  0:37  Gateway  
  15  0:38  Probe (Chrono Boost)  
  16  0:54  Probe (Chrono Boost)  
  16  0:56  Assimilator  
  17  1:04  Probe (Chrono Boost)  
  18  1:15  Probe (Chrono Boost)  
  19  1:25  Probe (Chrono Boost)  
  20  1:27  Nexus  
  20  1:37  Cybernetics Core  
  20  1:42  Probe (Chrono Boost)  
  21  1:50  Pylon  
  21  1:56  Probe (Chrono Boost)  
  21  1:59  Assimilator  
  22  2:18  Pylon  
  22  2:20  Pylon  
  22  2:24  Mothership Core (Chrono Boost)  
  22  2:25  Stalker  
  26  2:42  Probe (Chrono Boost)  
  27  2:52  Probe (Chrono Boost)  
  27  2:56  Probe (Chrono Boost)  
  29  3:11  Stalker  
  31  3:14  Pylon  
  31  3:17  Probe (Chrono Boost), Gateway  
  31  3:18  Probe (Chrono Boost)  
  31  3:19  Gateway  
  33  3:28  Probe (Chrono Boost)  
  34  3:55  Warp Gate  
  34  4:10  Stalker x2  
  34  4:11  Stalker  
  40  4:18  Pylon  
  40  4:20  Pylon  
  40  4:26  Probe (Chrono Boost)  
  40  4:27  Probe (Chrono Boost)  
  42  4:36  Probe (Chrono Boost)  
  44  4:39  Probe (Chrono Boost)  
  44  4:41  Forge  
  44  4:44  Forge  
  44  4:46  Pylon x2  
  44  4:47  Probe (Chrono Boost)  
  44  4:50  Assimilator  
  44  4:51  Probe (Chrono Boost), Stalker x2  
  48  4:53  Stalker  
  48  4:57  Probe (Chrono Boost)  
  51  5:02  Assimilator  
  51  5:03  Probe (Chrono Boost)  
  52  5:08  Twilight Council  
  52  5:10  Protoss Ground Weapons Level 1  
  52  5:15  Pylon  
  52  5:16  Probe (Chrono Boost)  
  53  5:21  Stalker  
  53  5:24  Probe (Chrono Boost)  
  53  5:26  Pylon, Protoss Ground Armor Level 1  
  56  5:35  Gateway  
  57  5:44  Probe (Chrono Boost)  
  57  6:02  Assimilator  
  57  6:13  Gateway, Stalker  
  57  6:14  Gateway  
  57  6:16  Gateway  
  59  6:21  Pylon  
  59  6:32  Blink  
  49  6:38  Probe x2 (Chrono Boost)  
  50  6:48  Photon Cannon  
  50  6:50  Probe x2 (Chrono Boost)  
  50  7:02  Probe (Chrono Boost)  
  48  7:11  Stalker x4  
  56  7:18  Pylon  
  54  7:28  Probe x2 (Chrono Boost)  
  56  7:39  Pylon  
  56  7:40  Probe (Chrono Boost)  
  52  8:13  Stalker x2  
  52  8:14  Adept  
  52  8:15  Adept  
  60  8:34  Adept  
  60  8:35  Adept x3  
  60  8:37  Adept  
  60  8:38  Adept  
  60  8:41  Adept  
  74  9:00  Resonating Glaives  
  70  9:03  Stalker  
  70  9:04  Stalker  
  70  9:07  Probe x2 (Chrono Boost)  
  76  9:19  Probe (Chrono Boost)  
  71  9:26  Stalker  
  61  9:39  Stalker x2  
  41  10:23  Stalker x2  
  41  10:24  Stalker x2  
  41  10:44  Stalker x2  
  41  10:45  Stalker  
  41  10:49  Adept  
  49  11:06  Adept x3  
  56  11:12  Probe (Chrono Boost)  
  56  11:20  Stalker  
  58  11:30  Sentry  
  58  11:31  Sentry x5  
Show
View Real Time Build Order
Export as new Build Order

Bral Terran - Winner!

Build Orders: Command Center First (CC), MMM Bio 

Get SALT Encoding   

  12  0:01  SCV  
  13  0:14  Supply Depot  
  13  0:18  SCV  
  14  0:30  SCV  
  15  0:36  Refinery  
  15  0:44  SCV  
  16  0:56  SCV  
  17  1:08  SCV  
  18  1:16  Command Center  
  18  1:20  SCV  
  19  1:32  SCV  
  20  1:44  SCV  
  21  1:58  Barracks  
  21  2:00  Barracks  
  21  2:01  SCV, Refinery  
  22  2:20  SCV  
  23  2:39  SCV  
  23  2:42  SCV  
  25  2:46  Marine  
  25  2:47  Bunker  
  25  2:51  Bunker  
  26  2:53  Orbital Command  
  26  3:00  SCV  
  26  3:04  Marine  
  26  3:05  Marine  
  29  3:11  Factory  
  28  3:21  Marine  
  28  3:22  Orbital Command  
  28  3:24  Barracks Tech Lab  
  29  3:39  SCV  
  28  3:45  Marauder  
  28  3:47  Stimpack  
  28  3:48  Barracks Reactor  
  29  3:51  SCV  
  30  4:02  Widow Mine  
  32  4:06  SCV  
  32  4:12  SCV  
  33  4:20  Starport  
  33  4:22  SCV  
  34  4:24  SCV  
  35  4:38  SCV, Widow Mine  
  38  4:56  Engineering Bay  
  38  5:01  Supply Depot  
  38  5:02  Supply Depot x2  
  38  5:08  Marine x2, Medivac  
  38  5:09  SCV x2, Marauder  
  46  5:22  SCV, Cyclone  
  46  5:24  Missile Turret  
  46  5:26  Marine  
  46  5:27  Missile Turret  
  51  5:29  SCV  
  51  5:30  Marine  
  51  5:31  Missile Turret  
  51  5:35  Liberator  
  53  5:47  Combat Shields  
  53  5:48  Marine  
  53  5:49  Marine x2  
  56  5:50  SCV  
  60  5:58  SCV  
  61  6:05  SCV  
  61  6:07  Factory Reactor  
  61  6:18  Supply Depot  
  61  6:20  Supply Depot  
  61  6:23  Marine  
  61  6:24  Marine, Marauder  
  65  6:34  SCV  
  65  6:38  SCV  
  67  6:41  Marine x2  
  67  6:44  Marine, Supply Depot  
  67  6:45  Supply Depot, Missile Turret  
  70  6:59  Marine  
  69  7:10  Marine x2  
  69  7:11  Widow Mine x2  
  69  7:12  SCV, Starport Reactor  
  76  7:17  Marine  
  76  7:18  Terran Infantry Weapons Level 1  
  76  7:20  Barracks  
  76  7:21  Barracks  
  76  7:22  Barracks x2  
  73  7:25  SCV  
  73  7:28  Marine  
  72  7:47  Command Center  
  69  8:16  Marine x2, Marauder  
  73  8:23  SCV  
  73  8:25  Barracks Tech Lab x3  
  73  8:26  Barracks Tech Lab  
  74  8:27  Refinery, Medivac  
  74  8:28  SCV, Medivac  
  74  8:32  Refinery  
  79  8:35  Marine, SCV, Widow Mine x2  
  79  8:38  Marauder, Missile Turret  
  79  8:40  SCV, Engineering Bay  
  88  8:43  Armory  
  87  8:58  Refinery  
  87  9:00  Marine x2, Marauder x2  
  91  9:05  Orbital Command  
  90  9:11  Marine, Marauder x2  
  90  9:12  Terran Infantry Armor Level 1  
  94  9:18  Marine  
  94  9:19  Marine  
  94  9:22  Marauder x2  
  94  9:27  Widow Mine x2  
  94  9:29  Concussive Shells, Marauder  
  94  9:31  Terran Infantry Weapons Level 2  
  99  9:32  Marine, Medivac  
  99  9:33  Marauder  
  99  9:37  SCV  
  105  9:39  SCV  
  106  9:45  SCV  
  106  9:49  Ghost Academy  
  106  9:52  Marine, SCV, Marauder  
  110  9:53  Marine  
  110  9:54  Marauder x2  
  110  9:58  Marauder  
  113  10:12  SCV x2  
  113  10:13  Medivac x2  
  109  10:21  Marine x2, Marauder x2  
  110  10:35  Missile Turret  
  110  10:36  Refinery  
  110  10:45  Command Center  
  110  11:10  Marine x3, Marauder x2  
  117  11:34  Sensor Tower  
  117  11:39  SCV  
Tags
 
Add a new tag
Caveats
  • Supply blocks, unpowered buildings, or Contaminate may cause inaccurate times.
  • Supply counts are checked every 10 seconds.